 Dungeon Sprint DCSS version 0.28.0-45-g0d030f2227 (webtiles) character file.

Game seed: 3630645596503599411

2358 McKennaii the Protected (level 9, -5/89 HPs)
             Began as a Demigod Fighter on Apr 18, 2022.
             Succumbed to poison (dark miasma)
             ... in the Dungeon (Sprint II: "The Violet Keep of Menkaure").
             The game lasted 00:06:14 (3109 turns).

McKennaii the Protected (Demigod Fighter)           Turns: 3109, Time: 00:06:14

Health: -5/89      AC: 18    Str: 29    XL:     9   Next: 1%
Magic:  11/11      EV:  8    Int: 10    God:
Gold:   356        SH:  0    Dex: 13    Spells: 8/8 levels left

rFire   . . .      SeeInvis +   k - +5 glaive (holy)
rCold   . . .      Faith    .   (shield currently unavailable)
rNeg    . . .      Spirit   .   s - +0 plate armour
rPois   .          Reflect  .   i - +2 helmet {SInv}
rElec   .          Harm     .   l - scarf {+Inv}
rCorr   .          Rampage  .   (no gloves)
Will    .....      NoTele   +   (no boots)
Stlth   ..........              (no amulet)
HPRegen 0.24/turn               (no ring)
MPRegen 0.12/turn               (no ring)

@: lethally poisoned (-5 -> -43), slowed, very slow
A: high MP 1, forlorn, divine attributes
a: Evoke Invisibility


You were in the Dungeon.
You visited 1 branch You collected 1204 gold pieces.
You spent 848 gold pieces at shops.

Inventory:

Hand Weapons
 a - a +0 trident
 k - a +5 glaive of holy wrath (weapon)
Armour
 c - a +0 buckler
 i - a +2 helmet of see invisible (worn)
 l - a scarf of invisibility (worn)
 s - a +0 plate armour (worn)
Scrolls
 j - a scroll of blinking
 m - 2 scrolls of identify {unknown}
 o - 2 scrolls of enchant armour {unknown}
 p - a scroll of vulnerability {unknown}
 r - a scroll of holy word {unknown}
 t - a scroll of fear {unknown}
 u - a scroll of enchant weapon {unknown}
Potions
 d - a potion of might
 g - a potion of haste
 h - 5 potions of magic
 n - 4 potions of flight {unknown}
 q - 2 potions of mutation {unknown}
 v - 2 potions of attraction {unknown}
 w - 3 potions of resistance {unknown}
 x - 2 potions of invisibility {unknown}


   Skills:
 + Level 11.6 Fighting
 + Level 11.4 Polearms
 + Level 11.6 Armour
 - Level 2.6 Shields


You had 8 spell levels left.
You didn't know any spells.
Your spell library contained the following spells:

 Spells                   Type           Power      Damage    Failure   Level
 Dazzling Flash           Conj/Hex       0%         N/A       100%        3
 Agony                    Necr           0%         N/A       100%        5
 Silence                  Hex/Air        0%         N/A       100%        5


Dungeon Overview and Level Annotations

Branches:
Dungeon (1/1)

Shops:
D ?=::[?==!*!=([(

Annotations:
D exclusion: oklob plant


Innate Abilities, Weirdness & Mutations

You have an increased reservoir of magic. (+10% MP)
You shall have no god before yourself.
Your divine heritage dramatically boosts your attributes as you level up.


Message History

You feel much better.
You are engulfed in dark miasma.
You are lethally poisoned!
* * * LOW HITPOINT WARNING * * *
You feel extremely sick. The death drake closely misses you.
The death drake barely misses you.
Unknown command.
You feel much better.
You feel extremely sick. The death drake bites you.
* * * LOW HITPOINT WARNING * * *
The death drake bites you.
* * * LOW HITPOINT WARNING * * *
Unknown command.
You feel better.
The death drake bites you but does no damage.
The death drake bites you.
* * * LOW HITPOINT WARNING * * *
Unknown command.
You miss the death drake.
The death drake is almost dead.
The death drake bites you.
* * * LOW HITPOINT WARNING * * *
Unknown command.
You closely miss the death drake.
The death drake is almost dead.
You feel yourself speed up. The death drake breathes miasma at you.
The foul vapour engulfs you.
You are poisoned.
You feel yourself slow down.
* * * LOW HITPOINT WARNING * * *
The swamp drake is engulfed in dark miasma.
The swamp drake barely misses you. The death drake bites you.
* * * LOW HITPOINT WARNING * * *
You slice the death drake!!
You kill the death drake!
You are engulfed in dark miasma.
You are more poisoned.
* * * LOW HITPOINT WARNING * * *
You die...

#○..▓≈§§≈≈≈≈≈▓▓ #○)▓▓▓▓▓▓▓▓▓▓▓
#}}▓).[..[..▓▓ +##.. #.
k#")▓..[(...(▓▓ ..##.####
+.##k#=}▓.....[((▓▓ #..# ...#
^..####▓..()(.).▓▓ #.####..##
#..##°#▓(.......▓▓ '###.##..#
+..#°°#▓....(..)▓▓ .##.#.#..#
#..#@°#▓.)([|[..▓▓
<.'###'..####..##k#▓[[[.[..(▓▓
.##.#.#..§.###...##▓▓▓▓▓▓▓'▓▓▓▓+▓
'###)##.§....≈≈≈≈≈≈≈≈≈≈≈≈≈...Xw≈▓
.#####≈≈.....≈#'########'###.≈w≈▓
#..#≈≈≈≈§≈≈§.≈#....._..#≈≈§##≈≈≈▓
#.##§≈≈≈§§≈≈.≈#...._._.#≈§≈§####▓
+##≈≈≈≈§§≈§≈§≈#..._._._#≈≈§§≈##
≈≈≈≈≈≈≈≈§≈≈≈≈#.._._._.#§§÷≈≈≈#


You could see a swamp drake.

Vanquished Creatures
  A death drake (D)
  A yaktaur (D)
  3 polar bears (D)
  A hornet (D)
  2 wyverns (D)
  Menkaure (D)
  4 water moccasins (D)
  4 necrophages (D)
  4 scorpions (D)
  A hell rat (D)
  3 worms (D)
25 creatures vanquished.

Vanquished Creatures (others)
  12 tentacles (D)
12 creatures vanquished.

Grand Total: 37 creatures vanquished

Notes
Turn   | Place    | Note
-------+----------+-------------------------------------------
     0 | D        | McKennaii the Demigod Fighter began the quest for the Orb.
     0 | D        | Reached XP level 1. HP: 18/18 MP: 3/3
     1 | D        | Noticed a necrophage
     1 | D        | Noticed a necrophage
     1 | D        | Noticed a necrophage
     1 | D        | Noticed a necrophage
     7 | D        | Killed a necrophage
     8 | D        | Reached skill level 5 in Fighting
     8 | D        | Reached skill level 5 in Armour
     8 | D        | Reached XP level 2. HP: 29/29 MP: 4/4
     8 | D        | Reached XP level 3. HP: 36/36 MP: 5/5
     8 | D        | Reached XP level 4. HP: 42/42 MP: 6/6
    11 | D        | Killed a necrophage
    12 | D        | Reached skill level 5 in Polearms
    12 | D        | Reached XP level 5. HP: 50/50 MP: 7/7
    27 | D        | Killed a necrophage
    43 | D        | Killed a necrophage
    44 | D        | Reached XP level 6. HP: 7/60 MP: 8/8
   748 | D        | Noticed a wyvern
   748 | D        | Noticed a wyvern
   751 | D        | Killed a wyvern
   752 | D        | Reached XP level 7. HP: 60/70 MP: 9/9
   762 | D        | Killed a wyvern
   996 | D        | Found Miuh's General Store.
   996 | D        | Found Ponum's Jewellery Emporium.
   996 | D        | Found Reheiteba's Antique Armour Emporium.
   996 | D        | Found Mich's Distillery.
   996 | D        | Found Ruh Yrhe's Distillery.
   997 | D        | Found Bawejuruj's Jewellery Shoppe.
   997 | D        | Found Qoschis's Antique Weapon Emporium.
   997 | D        | Found Xuteitil's Antique Weapon Shoppe.
   998 | D        | Found Foniah's Jewellery Shoppe.
   998 | D        | Found Margha Ehiat's Magic Scroll Emporium.
   999 | D        | Noticed Menkaure
  1012 | D        | Killed Menkaure
  1043 | D        | Found Bika's Antique Armour Emporium.
  1043 | D        | Found Latuinig's Book Shoppe.
  1043 | D        | Noticed a fire dragon
  1043 | D        | Noticed an oklob plant
  1044 | D        | Found Egomojil's Jewellery Shoppe.
  1044 | D        | Found Retzyppe's Book Shoppe.
  1044 | D        | Found Diukifir's Magic Scroll Emporium.
  1049 | D        | Noticed a cane toad
  1051 | D        | Noticed a cane toad
  1079 | D        | Bought a runed halberd for 196 gold pieces
  1086 | D        | Bought a glowing glaive for 275 gold pieces
  1097 | D        | Bought a glowing helmet for 225 gold pieces
  1111 | D        | Bought an embroidered scarf for 152 gold pieces
  1438 | D        | Noticed a polar bear
  1440 | D        | Noticed a hornet
  1457 | D        | Killed a polar bear
  1458 | D        | Reached skill level 10 in Fighting
  1458 | D        | Reached skill level 10 in Polearms
  1458 | D        | Reached skill level 10 in Armour
  1458 | D        | Reached XP level 8. HP: 39/79 MP: 10/10
  1636 | D        | Noticed a yaktaur
  1652 | D        | Killed a yaktaur
  1758 | D        | Noticed a polar bear
  1778 | D        | Killed a polar bear
  2088 | D        | Noticed a polar bear
  2089 | D        | Killed a hornet
  2241 | D        | Killed a polar bear
  2328 | D        | Noticed a kraken
  2516 | D        | Reached XP level 9. HP: 46/89 MP: 11/11
  3087 | D        | Noticed a death drake
  3109 | D        | Killed a death drake
  3109 | D        | Succumbed to poison (dark miasma)

Illustrated notes

Levels and vault maps discovered:
D:        the_violet_keep_of_menkaure [sprint2_stairs_cluster_1,
          sprint2_shoproom, sprint2_temple, sprint2_basic_supplies,
          sprint2_obstacle_7, sprint2_obstacle_1, sprint2_obstacle_5,
          sprint2_obstacle_3, sprint2_obstacle_6, sprint2_timed_cluster_1,
          sprint2_smallroom_cluster_1, sprint2_smallroom_final_cluster_1,
          sprint2_transparent_cluster_1, sprint2_second_timed_cluster_1,
          sprint2_sniper_area_1, sprint2_heavy_combat_area_1,
          sprint2_mutation_trap_area_1, sprint2_forest_area_1,
          sprint2_light_combat_area_1, sprint2_behind_water_1,
          sprint2_near_end_vault_1]

Skill      XL: |  1  2  3  4  5  6  7  8 |
---------------+-------------------------+-----
Fighting       | 5 6 7 9 10 11 | 11.6
Polearms       | 4 5 7 8 10 11 | 11.4
Armour         | 5 6 7 9 10 11 | 11.6
Shields        | |  2.6

Action                   |  1- 3 |  4- 6 |  7- 9 || total
-------------------------+-------+-------+-------++-------
Melee: Trident           |     5 |    80 |    33 ||   118
       Glaive            |       |       |    70 ||    70
  Use: Potion            |     1 |       |     5 ||     6
Armor: Scale mail        |       |    14 |    46 ||    60
       Plate armour      |       |       |    11 ||    11
Dodge: Dodged            |     1 |    22 |    59 ||    82
Block: Buckler           |     2 |    15 |     6 ||    23
